 Dungeon Crawl Stone Soup version 0.24-a0-245-gb50751227d (webtiles) character file.

Game seed: 8732097586703218586

1966505 EnegeticOcto the Slayer (level 27, 176/225 HPs)
             Began as a Merfolk Skald on Apr 11, 2019.
             Was a High Priest of Okawaru.
             Escaped with the Orb
             ... and 4 runes on Apr 12, 2019!
             The game lasted 03:35:12 (94389 turns).

EnegeticOcto the Slayer (Merfolk Skald)            Turns: 94389, Time: 03:35:12

Health: 176/225    AC: 42    Str: 25    XL:     27
Magic:  28/28      EV: 14    Int: 21    God:    Okawaru [*****.]
Gold:   183        SH:  4    Dex: 11    Spells: 26/37 levels left

rFire    + + .     SeeInvis +   a - +8 glaive of the Guard {elec, +Rage AC+5 SInv}
rCold    + + .     Gourm    .   (shield currently unavailable)
rNeg     . . .     Faith    .   D - +1 gold dragon scales
rPois    +         Spirit   .   U - +1 helmet of the Past {rPois SInv}
rElec    +         Reflect  +   S - scarf {repulsion}
rCorr    +         Harm     .   d - +2 pair of gloves {Str+3}
MR       +++..     Clarity  +   g - +2 pair of boots {run}
Stlth    ..........             L - +4 amulet of reflection
HPRegen  0.47/turn              n - ring "Posye" {rElec rC+ Str+3 Int+7 Dex-4}
MPRegen  0.21/turn              A - ring "Ehaobor" {rCorr rF+ MR+ MP-9 Slay+3}

@: repel missiles, quick
A: change form in water, swift swim, stealthy swim, claws 1, icy blue scales 1,
rugged brown scales 1, thin metallic scales 1, clarity, frail 1, weak 1, subdued
magic 1
0: Orb of Zot
}: 4/15 runes: decaying, slimy, silver, gossamer
a: Heroism, Finesse, Renounce Religion, Evoke Berserk Rage


You escaped.
You worshipped Okawaru.
Okawaru was extremely pleased with you.
You were hungry.

You visited 11 branches of the dungeon, and saw 55 of its levels.
You also visited: Sewer, Gauntlet, Ice Cave and Wizlab.

You collected 8147 gold pieces.
You spent 7964 gold pieces at shops.

Inventory:

Hand Weapons
 a - the +8 glaive of the Guard (weapon) {elec, +Rage AC+5 SInv}
   (You bought it in a shop on level 13 of the Dungeon)

   Occasionally, upon striking a foe, it will discharge some electrical energy
   and cause terrible harm.
   It affects your AC (+5).
   It lets you see invisible.
   It lets you go berserk.
 b - a +9 antimagic glaive
 r - a +2 long sword of distortion
 Z - the +5 scythe "Finisher" {speed, eviscerate}
   (You found it on level 5 of the Pits of Slime)

   Attacks with this weapon are significantly faster.
Missiles
 I - 2 throwing nets (quivered) {!f}
 J - 8 javelins of penetration
 M - 30 javelins
Armour
 d - a +2 pair of gloves of strength (worn)
 g - a +2 pair of boots of running (worn)
 h - a +0 cloak of invisibility
 u - a +1 cloak of invisibility
 D - +1 gold dragon scales (worn)
 S - a scarf of repulsion (worn)
 U - the +1 helmet of the Past (worn) {rPois SInv}
   (You found it in a Gauntlet)

   It protects you from poison.
   It lets you see invisible.
 W - a +2 cloak of invisibility
Jewellery
 l - the ring "Tag Idomp" {+Blink +Fly rElec}
   (You found it on level 6 of the Lair of Beasts)

   [ring of flight]

   It insulates you from electricity.
   It lets you fly.
   It lets you blink.
 n - the ring "Posye" (left hand) {rElec rC+ Str+3 Int+7 Dex-4}
   (You bought it in a shop on level 5 of the Vaults)

   [ring of strength]

   It affects your strength (+3).
   It affects your intelligence (+7).
   It affects your dexterity (-4).
   It protects you from cold.
   It insulates you from electricity.
 A - the ring "Ehaobor" (right hand) {rCorr rF+ MR+ MP-9 Slay+3}
   (You bought it in a shop on level 4 of the Vaults)

   [ring of resist corrosion]

   It affects your accuracy and damage with ranged weapons and melee attacks
   (+3).
   It protects you from fire.
   It affects your resistance to hostile enchantments.
   It affects your magic capacity (-9).
 G - a +5 ring of protection
 L - a +4 amulet of reflection (around neck)
Wands
 c - a wand of digging (6)
 x - a wand of scattershot (23)
 K - a wand of polymorph (15)
 N - a wand of clouds (15)
 P - a wand of acid (5)
 V - a wand of disintegration (33)
 X - a wand of paralysis (18)
 Y - a wand of enslavement (15)
Scrolls
 m - 11 scrolls of teleportation {@r3 !r}
 o - 3 scrolls of magic mapping {@r5 !r}
 p - 11 scrolls of fog {!r}
 v - 4 scrolls of blinking {@r4}
 w - 12 scrolls of fear {!r}
 E - 6 scrolls of immolation
 F - a scroll of silence
Potions
 f - a potion of mutation
 i - 13 potions of lignification {@q6}
 j - 7 potions of magic
 k - 10 potions of haste {@q4 !q}
 q - 7 potions of agility {@q5 !q}
 s - 4 potions of resistance
 t - 5 potions of might {@q3 !q}
 y - 9 potions of heal wounds {@q2 !q}
 B - 4 potions of ambrosia
 C - 13 potions of curing {@q1 !q}
Miscellaneous
 z - 2 boxes of beasts
 H - a phantom mirror
 O - a lamp of fire
 R - a sack of spiders
 T - a phial of floods
Comestibles
 e - 47 rations


   Skills:
 + Level 25.6 Fighting
 - Level 22.0 Polearms
 - Level 16.0 Throwing
 + Level 17.4 Armour
 - Level 22.0 Dodging
 - Level 5.5 Spellcasting
 - Level 6.7 Hexes
 - Level 6.6 Charms
 - Level 5.0 Summonings
 - Level 10.0 Invocations
 - Level 20.0 Evocations


You had 26 spell levels left.
You knew the following spells:

 Your Spells              Type           Power        Failure   Level  Hunger
a - Infusion              Chrm           ####         11%         1    None
b - Spectral Weapon       Hex/Chrm       ####....     32%         3    ##.....
c - Apportation           Tloc           #.....       88%         1    None
d - Summon Butterflies    Summ           ###.....     22%         1    None
e - Song of Slaying       Chrm           ####....     17%         2    None
T - Regeneration          Chrm/Necr      ###.......   80%         3    ##.....

Your spell library contained the following spells:

 Spells                   Type           Power        Failure   Level  Hunger
 Corona                   Hex            ####...      11%         1    None
 Slow                     Hex            ####....     16%         2    None
 Confuse                  Hex            ####....     32%         3    ##.....
 Tukima's Dance           Hex            ####....     32%         3    ##.....
 Ensorcelled Hibernation  Hex/Ice        ###...       56%         2    None
 Shroud of Golubria       Chrm/Tloc      ###.......   56%         2    None
 Call Canine Familiar     Summ           ###.....     56%         3    ##.....
 Cause Fear               Hex            ####......   73%         4    ####...
 Dazzling Spray           Conj/Hex       ###...       80%         3    ##.....
 Inner Flame              Hex/Fire       ###.....     80%         3    ##.....
 Ozocubu's Armour         Chrm/Ice       ###.....     80%         3    ##.....
 Portal Projectile        Hex/Tloc       ###...       80%         3    ##.....
 Animate Skeleton         Necr           N/A          88%         1    None
 Beastly Appendage        Tmut           #.....       88%         1    None
 Flame Tongue             Conj/Fire      #....        88%         1    None
 Freeze                   Ice            #...         88%         1    None
 Pain                     Necr           #...         88%         1    None
 Sandblast                Erth           #.....       88%         1    None
 Sting                    Conj/Pois      #...         88%         1    None
 Recall                   Summ/Tloc      N/A          89%         3    ##.....
 Blink                    Tloc           N/A          96%         2    None
 Corpse Rot               Necr           N/A          96%         2    None
 Passwall                 Tmut/Erth      #.......     96%         2    None
 Poisonous Vapours        Pois/Air       #.....       96%         2    None
 Sticks to Snakes         Tmut           #.......     96%         2    None
 Sublimation of Blood     Necr           #.........   96%         2    None
 Throw Flame              Conj/Fire      #.....       96%         2    None
 Throw Frost              Conj/Ice       #.....       96%         2    None
 Conjure Flame            Conj/Fire      #.......     99%         3    ##.....
 Gell's Gravitas          Tloc           #.........   99%         3    ##.....
 Lesser Beckoning         Tloc           #.........   99%         3    ##.....
 Mephitic Cloud           Conj/Pois/Air  #.......     99%         3    ##.....
 Spider Form              Tmut/Pois      #.........   99%         3    ##.....
 Vampiric Draining        Necr           #.........   99%         3    ##.....
 Leda's Liquefaction      Hex/Erth       ###.......   99%         4    ####...
 Summon Mana Viper        Hex/Summ       ###.....     99%         5    #####..
 Animate Dead             Necr           N/A          100%        4    ####...
 Force Lance              Conj/Tloc      #.......     100%        4    ####...
 Ice Form                 Ice/Tmut       #.......     100%        4    ####...
 Olgreb's Toxic Radiance  Pois           #.......     100%        4    ####...
 Petrify                  Tmut/Erth      #.......     100%        4    ####...
 Sticky Flame             Conj/Fire      #.......     100%        4    ####...
 Summon Ice Beast         Ice/Summ       ##......     100%        4    ####...
 Throw Icicle             Conj/Ice       #.......     100%        4    ####...
 Alistair's Intoxication  Tmut/Pois      #.......     100%        5    #####..
 Blade Hands              Tmut           #.........   100%        5    #####..
 Bolt of Magma            Conj/Fire/Erth #.........   100%        5    #####..
 Borgnjor's Vile Clutch   Necr/Erth      #.........   100%        5    #####..
 Dispel Undead            Necr           #.......     100%        5    #####..
 Excruciating Wounds      Chrm/Necr      ###.......   100%        5    #####..
 Fireball                 Conj/Fire      #.........   100%        5    #####..
 Irradiate                Conj/Tmut      #.........   100%        5    #####..
 Iskenderun's Battlesphe  Conj/Chrm      ###.....     100%        5    #####..
 Lightning Bolt           Conj/Air       #.........   100%        5    #####..
 Silence                  Hex/Air        ###.......   100%        5    #####..
 Venom Bolt               Conj/Pois      #.........   100%        5    #####..
 Yara's Violent Unravell  Hex/Tmut       ###.......   100%        5    #####..
 Bolt of Fire             Conj/Fire      #.........   100%        6    #######
 Darkness                 Hex            ####......   100%        6    #######
 Deflect Missiles         Chrm/Air       ###.......   100%        6    #######
 Dispersal                Tloc           #.........   100%        6    #######
 Hydra Form               Tmut           #.........   100%        6    #######
 Invisibility             Hex            ####....     100%        6    #######
 Iron Shot                Conj/Erth      #.........   100%        6    #######
 Shadow Creatures         Summ           N/A          100%        6    #######
 Simulacrum               Ice/Necr       #.........   100%        6    #######
 Statue Form              Tmut/Erth      #........    100%        6    #######
 Dragon Form              Tmut           #.........   100%        7    #######
 Haunt                    Necr/Summ      ##........   100%        7    #######
 Malign Gateway           Summ/Tloc      ##........   100%        7    #######
 Monstrous Menagerie      Summ           ###.......   100%        7    #######
 Orb of Destruction       Conj           #.........   100%        7    #######
 Spellforged Servitor     Conj/Summ      ##........   100%        7    #######
 Summon Greater Demon     Summ           ###.......   100%        7    #######
 Summon Hydra             Summ           ###.......   100%        7    #######
 Borgnjor's Revivificati  Necr           #.........   100%        8    #######
 Controlled Blink         Tloc           N/A          100%        8    #######
 Death's Door             Chrm/Necr      ###.......   100%        8    #######
 Discord                  Hex            ####......   100%        8    #######
 Disjunction              Tloc           #.........   100%        8    #######
 Infestation              Necr           #.........   100%        8    #######
 Necromutation            Tmut/Necr      #.........   100%        8    #######
 Summon Horrible Things   Summ           ###.......   100%        8    #######
 Dragon's Call            Summ           ###.......   100%        9    #######
 Shatter                  Erth           #.........   100%        9    #######
 Passage of Golubria      Tloc           Unusable     N/A         4    N/A

Dungeon Overview and Level Annotations

Branches:
Dungeon (15/15)            Temple (1/1) D:4            Lair (6/6) D:11
  Swamp (4/4) Lair:3       Spider (4/4) Lair:2        Slime (5/5) Lair:6
    Orc (2/2) D:12            Elf (3/3) Orc:2        Vaults (5/5) D:14
  Crypt (0/3) Vaults:3     Depths (5/5) D:15            Zot (5/5) Depths:5

Altars:
Ashenzari
Cheibriados
Dithmenos
Elyvilon
Fedhas
Gozag
Hepliaklqana
Kikubaaqudgha
Makhleb
Nemelex Xobeh
Okawaru
Qazlal
Ru
Sif Muna
Trog
Uskayaw
Vehumet
Wu Jian
Xom
Yredelemnul
Zin
The Shining One
Beogh
Jiyva

Shops:
D:4 !*!   D:13 (((   Orc:1 (:!   Orc:2 [([((   Elf:2 }=}   Vaults:2 =[}*%
Vaults:4 =   Vaults:5 =!   Depths:1 [   Depths:2 **(   Depths:3 [

Portals:
Hell: Depths:1 Depths:2 Depths:3 Depths:4 Depths:5
Abyss: Depths:4
Pandemonium: Depths:3
Ziggurat: Depths:2

Annotations:
Spider:2 exclusion: Roxanne, Roxanne
Elf:2 7 runed translucent doors, Qiq Oki's ghost, veteran GrFi
Depths:5 4 exclusions
Zot:1 2 transporters


Innate Abilities, Weirdness & Mutations

You revert to your normal form in water You are very nimble and swift while swimming.
You are very stealthy in the water. (Stealth+)
You have sharp fingernails.
You are partially covered in icy blue scales. (AC +2)
You are partially covered in rugged brown scales. (AC +1, +3% HP)
You are partially covered in thin metallic scales. (AC +2)
You possess an exceptional clarity of mind.
You are frail. (-10% HP)
You are weak. (Str -2)
Your spells are a little easier to cast, but a little less powerful.


Message History

You reach to attack!
You closely miss the orange demon.
The orange demon is moderately wounded.
The orange demon stings you from afar.
Attack whom?
Press: ? - help, Dir - move target cursor, f/p - orange demon
Aim: an orange demon (moderately wounded)
You reach to attack!
You slice the orange demon!!
Lightning courses through the orange demon!
The orange demon is almost dead.
The orange demon stings you but does no damage.
Attack whom?
Press: ? - help, Dir - move target cursor, f/p - orange demon
Aim: an orange demon (almost dead)
You reach to attack!
You slice the orange demon!!
You kill the orange demon!
Okawaru accepts your kill.
(D) Dungeon (T) Temple (L) Lair (S) Swamp (N) Spider Nest (M) Slime Pits (O) Orcish Mines (E) Elven Halls (V) Vaults (C) Crypt (U) Depths (H) Hell (Z) Zot
Where to? (Enter - D:1 @ (x,y), ? - help)
There is a stone staircase leading up here.
You climb upwards.
There is a stone staircase leading down here.
You see here a +0 flail.
Things that are here:
a +0 spear x2
There is a stone staircase leading up here.
You climb upwards.
There is a stone staircase leading down here.
There is a stone staircase leading up here.
You climb upwards.
There is a stone staircase leading down here.
There is a stone staircase leading up here.
You climb upwards.
There is a stone staircase leading down here.
Things that are here:
a +0 robe; a +0 dagger; a +0 giant club
There is a stone staircase leading up here.
You climb upwards.
There is a stone staircase leading down here.
There is a stone staircase leading up here.
You climb upwards.
There is a stone staircase leading down here.
An Orb Guardian comes into view.
You cut the Orb Guardian into ribbons!!!
The Orb Guardian is severely wounded.
The Orb Guardian barely misses you.
You closely miss the Orb Guardian.
The Orb Guardian is severely wounded.
The Orb Guardian hits you!!
You closely miss the Orb Guardian.
The Orb Guardian is severely wounded.
The Orb Guardian hits you!!
You closely miss the Orb Guardian.
The Orb Guardian is severely wounded.
The Orb Guardian completely misses you.
You slice the Orb Guardian!!
Lightning courses through the Orb Guardian!
The Orb Guardian is almost dead.
The Orb Guardian hits you!
You slice the Orb Guardian!!
Lightning courses through the Orb Guardian!
You kill the Orb Guardian!
Okawaru accepts your kill.
No target in view!
(D) Dungeon (T) Temple (L) Lair (S) Swamp (N) Spider Nest (M) Slime Pits (O) Orcish Mines (E) Elven Halls (V) Vaults (C) Crypt (U) Depths (H) Hell (Z) Zot
Where to? (Enter - D:1 @ (x,y), ? - help)
A smoke demon comes into view.
There is a stone staircase leading up here.
You are feeling hungry.
You climb upwards.
There is a stone staircase leading down here.
(D) Dungeon (T) Temple (L) Lair (S) Swamp (N) Spider Nest (M) Slime Pits (O) Orcish Mines (E) Elven Halls (V) Vaults (C) Crypt (U) Depths (H) Hell (Z) Zot
Where to? (Enter - D:1 @ (x,y), ? - help)
A torturous demonspawn comes into view. It is wielding a +0 dire flail.
There is an escape hatch in the ceiling here.
Really go through this one-way escape hatch?
A mysterious force pulls you upwards. The hatch slams shut behind you.
(D) Dungeon (T) Temple (L) Lair (S) Swamp (N) Spider Nest (M) Slime Pits (O) Orcish Mines (E) Elven Halls (V) Vaults (C) Crypt (U) Depths (H) Hell (Z) Zot
Where to? (Enter - D:1 @ (x,y), ? - help)
There is a stone staircase leading up, spattered with blood here.
You climb upwards.
There is a stone staircase leading down, spattered with blood here.
You see here a kobold skeleton.
There is a stone staircase leading up here.
You climb upwards.
There is a stone staircase leading down here.
You see here a +0 dagger.
There is a staircase leading out of the dungeon here.
You have escaped!

..#....# #######............
..###### ########....#
..###########################.###
#.#.#..#.....#..#.....#..#.##.#
..#.#..#..#..#..#..#.......##.###
##.............2.................
....#..#..#..#....)#..#..#..#####
..#..........#.....#..#..#.##
.##....#..#.....@..#.....#.#
.################################
.########## #..... ...)......#
#..### #########.# #..#
#..)#####.# #..# #.#.......# #..#
#.############### #..###
#....[..........# #.....


You could see a hellion.

Vanquished Creatures
  the Royal Jelly (Slime:5)
  3 orbs of fire (Zot:5)
  9 ancient liches
  2 Killer Klowns (Zot:5)
  Xtahua (Depths:4)
  8 golden dragons
  A caustic shrike (Depths:4)
  2 pandemonium lords
  3 electric golems
  4 liches
  Jorgrun (Spider:1)
  Rupert (Orc:2)
  11 tentacled monstrosities
  3 titans
  23 Orb Guardians
  Asterion (Depths:2)
  19 acid blobs
  5 quicksilver dragons
  7 sphinxes
  10 shadow dragons
  An Executioner (D:12)
  2 deep elf blademasters (Elf:3)
  4 death cobs
  An ancient champion (WizLab)
  6 tengu reavers
  Agnes (D:14)
  6 draconian monks
  4 thorn hunters
  11 azure jellies
  5 storm dragons
  4 draconian knights
  7 fire giants
  8 frost giants
  A draconian scorcher (Zot:5)
  8 deep elf sorcerers
  Aizul (Elf:1)
  An orc warlord (Orc:2)
  6 ghost moths
  11 vault wardens
  The ghost of Wonijais the Covert, a journeyman HuAr of Trog (Orc:1)
  4 emperor scorpions (Spider:4)
  6 deep elf elementalists
  A spriggan defender (Depths:5)
  3 draconian annihilators
  12 ironheart preservers
  3 draconian stormcallers
  32 very ugly things
  20 stone giants
  5 draconian shifters
  3 green draconians
  A war gargoyle (Vaults:5)
  8 entropy weavers
  5 vampire knights
  9 deep elf annihilators
  The ghost of Ycojonko the Fighter, a journeyman GnWn of Xom (D:13)
  3 deep elf demonologists (Elf:3)
  7 red draconians
  4 black draconians
  Azrael (D:15)
  4 white draconians
  4 spark wasps
  7 yellow draconians
  6 purple draconians
  A minotaur (Gauntlet)
  6 fire dragons
  15 ettins
  6 deep elf death magi
  3 death oozes (Slime:5)
  3 crystal guardians (Depths:1)
  13 great orbs of eyes
  3 green deaths
  Josephine (Lair:4)
  13 ogre magi
  13 yaktaur captains
  Fannar (Orc:1)
  7 deep elf high priests
  14 ice dragons
  6 rakshasas
  42 vault guards
  A hell beast (Zot:4)
  A ghost crab (Swamp:4)
  16 hydras
  A spriggan air mage (Depths:5)
  A death knight (D:15)
  34 two-headed ogres
  10 alligators
  14 centaur warriors
  7 shambling mangroves
  A thrashing horror (Swamp:4)
  6 death yaks (Lair:4)
  5 deep troll earth magi
  10 deep troll shamans
  2 spriggan berserkers
  2 vampire magi
  3 tengu warriors
  Urug (Lair:3)
  A shock serpent (shapeshifter) (Depths:2)
  9 dancing weapons
  2 orc high priests
  21 deep elf knights
  3 iron trolls (Depths:5)
  6 hell knights
  A fire crab (Lair:6)
  A sixfirhy (D:13)
  14 skeletal warriors
  A small abomination (Elf:3)
  2 storm dragon skeletons (Vaults:3)
  An unseen horror (shapeshifter) (Vaults:4)
  A death drake (shapeshifter) (Vaults:5)
  21 deep trolls
  An unseen horror (Vaults:1)
  2 shadow wraiths
  4 glowing orange brains
  7 swamp dragons
  19 deep elf archers
  A spriggan druid (Swamp:3)
  2 shadow demons
  5 flayed ghosts
  22 ironbrand convokers
  2 lindwurms (Lair:5)
  7 wizards
  5 phantasmal warriors
  20 orb spiders
  8 orc knights
  5 necromancers
  4 orc sorcerers
  A tengu skeleton (Vaults:3)
  53 deep elf magi
  49 ugly things
  27 wolf spiders
  4 oklob plants (Lair:6)
  2 manticores
  6 shining eyes
  A worldbinder (Gauntlet)
  5 cyclopes
  12 moths of wrath
  A manticore (shapeshifter) (Depths:4)
  7 human skeletons (Vaults:3)
  3 eyes of devastation
  2 guardian serpents (Depths:2)
  16 elephants
  3 torpor snails
  2 molten gargoyles (Lair:6)
  An orange demon (D:11)
  10 black mambas
  An elf zombie (D:15)
  4 gargoyles
  2 ice statues (IceCv)
  A rust devil (Depths:3)
  A spiny frog (shapeshifter) (Depths:1)
  The ghost of yrara the Chopper, a novice DsFi of Gozag (D:4)
  10 vault sentinels
  2 large abominations (Swamp:4)
  3 stone giant skeletons (Vaults:3)
  2 yaktaur zombies (D:15)
  5 spectral swamp worms (Depths:5)
  8 freezing wraiths
  10 komodo dragons
  A kobold demonologist (D:14)
  An efreet (D:13)
  A yaktaur (shapeshifter) (Vaults:2)
  65 yaktaurs
  25 spiny frogs
  A yaktaur skeleton (Vaults:3)
  14 demonic crawlers
  2 rime drakes
  6 ice devils
  A tengu conjurer (Depths:2)
  5 trolls
  8 tyrant leeches
  A meliai (shapeshifter) (Depths:5)
  36 jumping spiders
  2 polar bears
  2 hornets (shapeshifter)
  A guardian mummy (D:14)
  3 meliai (Spider:1)
  28 blink frogs
  5 dream sheep (Lair:5)
  12 bog bodies
  149 slime creatures
  37 hornets
  A raiju (shapeshifter) (Vaults:5)
  12 hippogriffs
  A stone giant simulacrum (Vaults:1)
  A fire dragon zombie (D:15)
  A human simulacrum (Vaults:3)
  7 water elementals
  101 redbacks
  8 spriggans
  7 shadows
  39 tarantellas
  2 ynoxinuls
  10 wraiths
  3 yaks (shapeshifter)
  4 vampires (WizLab)
  5 air elementals
  5 wyverns
  A human (shapeshifter) (D:15)
  12 fire elementals
  35 yaks
  2 golden eyes (shapeshifter)
  3 basilisks
  2 hungry ghosts
  6 golden eyes
  A neqoxec (Depths:5)
  2 steam dragons (D:9)
  A basilisk (shapeshifter) (Vaults:2)
  13 swamp worms
  36 vampire mosquitoes
  A swamp worm (shapeshifter) (Vaults:5)
  4 wargs
  5 acid dragons
  5 two-headed ogre zombies (WizLab)
  12 water moccasins
  20 hell hounds
  A deep troll skeleton (Vaults:3)
  2 black bears (shapeshifter)
  2 soldier ants
  42 orc warriors
  16 porcupines
  A black bear (Lair:4)
  3 floating eyes
  3 phantoms
  4 sky beasts
  8 eyes of draining
  3 eyes of draining (shapeshifter)
  3 ice beasts
  5 swamp drakes
  An ettin simulacrum (Vaults:1)
  3 necrophages
  5 boggarts
  23 centaurs
  11 wolves
  52 ogres
  11 crocodiles
  3 big kobolds
  21 bullfrogs
  4 earth elementals
  A wyvern zombie (D:14)
  A glowing shapeshifter simulacrum (Vaults:1)
  A wyvern skeleton (D:14)
  10 scorpions
  A water moccasin skeleton (D:8)
  8 troll zombies (WizLab)
  9 killer bees
  8 wights
  5 electric eels
  9 howler monkeys
  3 bullfrog zombies
  8 crimson imps
  A centaur zombie (D:5)
  3 draconian simulacra (IceCv)
  2 quasits
  5 lava snakes (Lair:6)
  2 bullfrog skeletons
  9 hounds
  29 orc priests
  Crazy Yiuf (D:3)
  2 iron imps (Gauntlet)
  8 jellies
  2 centaur skeletons
  4 iguanas
  28 orc wizards
  2 troll simulacra (IceCv)
  9 worker ants
  A killer bee zombie (D:8)
  7 ogre zombies (WizLab)
  A hound skeleton (D:8)
  2 worker ant zombies
  9 gnolls
  A howler monkey skeleton (D:4)
  3 naga simulacra (IceCv)
  2 ogre simulacra (IceCv)
  2 river rats (D:5)
  16 adders
  2 shadow imps
  7 oozes
  An adder zombie (D:9)
  5 worms
  A ball lightning (Zot:5)
  A dart slug (D:2)
  3 leopard geckos
  125 orcs
  7 giant cockroaches
  6 goblins
  8 hobgoblins
  15 jackals
  4 quokkas
  5 ball pythons
  A ball python skeleton (D:6)
  30 bats
  9 frilled lizards
  A giant cockroach zombie (D:6)
  A jackal skeleton (D:4)
  25 kobolds
  A leopard gecko skeleton (D:5)
  10 rats
  3 briar patches
  A crawling corpse (Elf:3)
  A fungus (D:3)
  A plant (Lair:4)
  A spectral weapon (Vaults:3)
2559 creatures vanquished.

Vanquished Creatures (collateral kills)
  2 azure jellies (Slime:5)
  A red draconian (Depths:5)
  An orc warrior (Orc:2)
  An orc priest (Orc:2)
  An orc (Orc:2)
6 creatures vanquished.

Vanquished Creatures (others)
  A deep elf master archer (Elf:3)
  A storm dragon (Vaults:5)
  A fire giant (Vaults:5)
  A red draconian (Zot:3)
  A deep elf death mage (Elf:3)
  A deep elf knight (Elf:3)
  A deep elf archer (Elf:1)
  A wolf spider (Spider:4)
  A yaktaur (Depths:2)
  A spriggan (Swamp:4)
  An orc warrior (Vaults:5)
  An earth elemental (Elf:1)
  An orc (Vaults:4)
  6 briar patches (Swamp:4)
  45 bushes (D:15)
  A demonic plant (Gauntlet)
  9 fungi
  27 plants
  65 spectral weapons
  7 toadstools (Lair:5)
  A withered plant (D:15)
174 creatures vanquished.

Grand Total: 2739 creatures vanquished

Notes
Turn   | Place    | Note
-------+----------+-------------------------------------------
     0 | D:1      | EnegeticOcto the Merfolk Skald began the quest for the Orb.
     0 | D:1      | Reached XP level 1. HP: 16/16 MP: 3/3
   479 | D:1      | Reached XP level 2. HP: 23/23 MP: 1/5
  1317 | D:2      | Reached XP level 3. HP: 11/28 MP: 0/6
  2000 | D:2      | Found a burning altar of Makhleb.
  2000 | D:2      | Found a glowing silver altar of Zin.
  2001 | D:2      | Found a shimmering altar of Xom.
  2248 | D:3      | Reached skill level 3 in Fighting
  2248 | D:3      | Reached skill level 5 in Polearms
  2248 | D:3      | Reached XP level 4. HP: 16/35 MP: 7/7
  2431 | D:3      | Learned a level 3 spell: Regeneration
  2435 | D:3      | Learned a level 3 spell: Spectral Weapon
  2523 | D:3      | Reached XP level 5. HP: 32/41 MP: 0/8
  3479 | D:3      | Reached skill level 4 in Fighting
  3621 | D:3      | Found a snail-covered altar of Cheibriados.
  4043 | D:3      | Found a runed translucent door.
  4044 | D:3      | Noticed Crazy Yiuf
  4077 | D:4      | Noticed an ogre
  4081 | D:4      | Reached XP level 6. HP: 48/48 MP: 9/9
  4174 | D:4      | Found Reovap's Assorted Antiques.
  4238 | D:4      | Bought an amethyst potion for 19 gold pieces
  4238 | D:4      | Bought a potion of curing for 66 gold pieces
  4238 | D:4      | Bought a smoky sapphire potion for 19 gold pieces
  4238 | D:4      | Bought a scroll of teleportation for 66 gold pieces
  4332 | D:4      | Found Ixaezies's Distillery.
  4343 | D:4      | Bought a potion of might for 56 gold pieces
  4543 | D:4      | Found Ynteusch's Distillery.
  4756 | D:4      | Reached skill level 5 in Fighting
  4756 | D:4      | Reached XP level 7. HP: 56/56 MP: 2/10
  4869 | D:4      | Found a blossoming altar of Fedhas.
  5260 | D:4      | Found a runed translucent gate.
  5261 | D:4      | Found a runed translucent gate.
  5262 | D:4      | Found a runed translucent gate.
  5264 | D:4      | Noticed yrara's ghost (novice DsFi)
  5264 | D:4      | Identified the cursed +3 hunting sling "Culael" {flame,
                  | Str+3}
  5264 | D:4      | Identified the cursed +1 scale mail of the Comet {rC+++
                  | rN++ Slay-6 SInv}
  5267 | D:4      | Found a roughly hewn altar of Beogh.
  5290 | D:4      | Found a staircase to the Ecumenical Temple.
  5319 | Temple   | Entered the Ecumenical Temple
  5440 | Temple   | Became a worshipper of Warmaster Okawaru
  5631 | D:5      | Entered Level 5 of the Dungeon
  5642 | D:5      | Reached skill level 10 in Polearms
  5857 | D:5      | Reached XP level 8. HP: 48/64 MP: 2/11
  5912 | D:5      | Reached * piety under Okawaru
  5912 | D:5      | Reached skill level 6 in Fighting
  5979 | D:5      | Found a glowing drain.
  5994 | Sewer    | Entered a sewer
  7110 | D:5      | Reached skill level 1 in Invocations
  7335 | D:3      | Killed Crazy Yiuf
  7619 | D:6      | Reached skill level 7 in Fighting
  7802 | D:6      | Reached XP level 9. HP: 59/72 MP: 12/12
  7941 | D:6      | Reached ** piety under Okawaru
  9267 | D:7      | Reached skill level 8 in Fighting
  9325 | D:7      | Reached *** piety under Okawaru
  9350 | D:7      | Reached skill level 5 in Invocations
  9693 | D:8      | Reached skill level 9 in Fighting
  9693 | D:8      | Reached XP level 10. HP: 83/83 MP: 9/13
  9877 | D:8      | Reached skill level 1 in Armour
  9907 | D:8      | Reached skill level 1 in Hexes
 10769 | D:9      | Reached skill level 1 in Throwing
 10958 | D:9      | Paralysed by a floating eye for 3 turns
 10962 | D:9      | Reached **** piety under Okawaru
 11793 | D:9      | Noticed a two-headed ogre
 12263 | D:8      | Reached skill level 5 in Dodging
 12281 | D:8      | Reached skill level 5 in Charms
 12766 | D:9      | Killed a two-headed ogre
 12766 | D:9      | Reached skill level 10 in Fighting
 12766 | D:9      | Reached XP level 11. HP: 78/90 MP: 5/14
 12920 | D:9      | Reached ***** piety under Okawaru
 13313 | D:9      | Got a jacinth-studded plate armour
 13324 | D:9      | Identified the +5 plate armour of a volcano {rF+ Int+4
                  | Stlth+} (You found it on level 9 of the Dungeon)
 13411 | D:9      | Found a glowing golden altar of the Shining One.
 13478 | D:10     | Entered Level 10 of the Dungeon
 14648 | D:11     | Reached skill level 5 in Hexes
 14905 | D:11     | You fall through a shaft for 2 floors!
 14905 | D:13     | Noticed a centaur warrior
 14923 | D:13     | Killed a centaur warrior
 15009 | D:13     | Found Tezxiss's Weapon Shoppe.
 15031 | D:13     | Found Hamyvyzo's Weapon Emporium.
 15075 | D:13     | Found Yrithu's Antique Weapon Shop.
 15115 | D:13     | Noticed a skeletal warrior
 15131 | D:13     | Noticed a skeletal warrior
 15132 | D:13     | Reached skill level 11 in Fighting
 15137 | D:13     | Killed a skeletal warrior
 15155 | D:13     | Noticed a centaur warrior
 15189 | D:13     | Killed a centaur warrior
 15189 | D:13     | Received a gift from Okawaru
 15189 | D:13     | Reached XP level 12. HP: 66/100 MP: 2/15
 15281 | D:13     | Found a gate leading to a gauntlet.
 15286 | Gauntlet | Entered a Gauntlet
 15286 | Gauntlet | Found a transporter.
 15345 | Gauntlet | Found a transporter.
 15347 | Gauntlet | Found a transporter.
 15352 | Gauntlet | Found a runed translucent door.
 15354 | Gauntlet | Found a runed translucent door.
 15356 | Gauntlet | Found a transporter.
 15358 | Gauntlet | Found a transporter.
 15364 | Gauntlet | Noticed a green death
 15366 | Gauntlet | Found a transporter.
 15387 | Gauntlet | Noticed an entropy weaver
 15388 | Gauntlet | Found a transporter.
 15398 | Gauntlet | Found a transporter.
 15408 | Gauntlet | Found a transporter.
 15428 | Gauntlet | Found a transporter.
 15443 | Gauntlet | Found a transporter.
 15444 | Gauntlet | Found a transporter.
 15489 | Gauntlet | Noticed a dire elephant
 15492 | Gauntlet | Noticed a queen ant
 15508 | Gauntlet | Found a transporter.
 15511 | Gauntlet | Found a transporter.
 15616 | Gauntlet | Reached skill level 5 in Armour
 15635 | Gauntlet | Got a slimy steel ring
 15641 | Gauntlet | Identified the ring of Waeng {rPois SInv} (You found it in
                  | a Gauntlet)
 15787 | Gauntlet | Killed an entropy weaver
 15812 | Gauntlet | Reached skill level 12 in Fighting
 15826 | Gauntlet | Got a sparkling copper amulet
 15831 | Gauntlet | Got an ichor-stained helmet
 15842 | Gauntlet | Identified the +1 helmet of the Past {rPois SInv} (You
                  | found it in a Gauntlet)
 15953 | Gauntlet | Identified the amulet "Agewkuek" {Inacc rElec MP-9 Stlth+}
                  | (You found it in a Gauntlet)
 16028 | Gauntlet | Identified the cursed +0 short sword of Untimely Demise
                  | {pierce, rPois Str+3}
 16028 | Gauntlet | Identified the cursed +0 swamp dragon scales "Myuvurch"
                  | {rPois rF+++ SInv Stlth+}
 16028 | Gauntlet | Noticed a minotaur
 16041 | Gauntlet | Killed a minotaur
 16255 | Gauntlet | Identified the Almanac of Dislocation
 16258 | Gauntlet | Identified the Volume of Transformation
 16554 | D:12     | Noticed a four-headed hydra
 16587 | D:11     | Found a staircase to the Lair.
 16741 | D:11     | Noticed a two-headed ogre
 16751 | D:11     | Killed a two-headed ogre
 16922 | D:11     | Noticed a two-headed ogre
 16961 | D:11     | Killed a two-headed ogre
 17515 | D:11     | Learned a level 1 spell: Apportation
 17517 | D:11     | Learned a level 1 spell: Summon Butterflies
 17571 | Lair:1   | Entered Level 1 of the Lair of Beasts
 17630 | Lair:1   | Received a gift from Okawaru
 17720 | Lair:1   | Reached skill level 1 in Evocations
 17736 | Lair:1   | Noticed a four-headed hydra
 17757 | Lair:1   | Killed a four-headed hydra
 17770 | Lair:1   | Reached skill level 13 in Fighting
 17965 | Lair:1   | Found a frozen archway.
 17973 | IceCv    | Entered an ice cave
 18019 | IceCv    | Reached XP level 13. HP: 94/111 MP: 12/17
 19153 | IceCv    | Got a diamond-encrusted scale mail
 19157 | IceCv    | Identified the +1 scale mail of Summer {rPois rC++} (You
                  | found it in an ice cave)
 20791 | D:4      | Bought a potion of heal wounds for 65 gold pieces
 20791 | D:4      | Bought a potion of heal wounds for 65 gold pieces
 20791 | D:4      | Bought a potion of berserk rage for 65 gold pieces
 20791 | D:4      | Upgraded the game from 0.24-a0-244-ga6a6ab7d13 to
                  | 0.24-a0-245-gb50751227d
 20948 | Lair:2   | Found a hole to the Spider Nest.
 21194 | Lair:2   | Received a gift from Okawaru
 21800 | Lair:3   | Noticed Urug
 21819 | Lair:3   | Killed Urug
 22178 | Lair:3   | Found a staircase to the Swamp.
 22563 | Lair:3   | Found a runed translucent door.
 22761 | Lair:3   | Received a gift from Okawaru
 22782 | Lair:3   | Got a brightly glowing broad axe
 22783 | Lair:3   | Identified the cursed +2 broad axe "Beikk" {venom, rF+}
                  | (You found it on level 3 of the Lair of Beasts)
 22976 | Lair:4   | Reached skill level 15 in Polearms
 22976 | Lair:4   | Reached skill level 10 in Dodging
 23095 | Lair:4   | Identified a scroll of acquirement
 23106 | Lair:4   | Noticed Josephine
 23114 | Lair:4   | Killed Josephine
 23114 | Lair:4   | Reached XP level 14. HP: 117/118 MP: 14/21
 23314 | Lair:4   | Reached skill level 5 in Spellcasting
 23629 | Lair:4   | Reached skill level 5 in Evocations
 23881 | Lair:4   | You fall through a shaft for 2 floors!
 23881 | Lair:6   | Entered Level 6 of the Lair of Beasts
 23900 | Lair:6   | Found a staircase to the Slime Pits.
 23900 | Lair:6   | Found a viscous altar of Jiyva.
 23939 | Lair:6   | Received a gift from Okawaru
 23943 | Lair:6   | Reached skill level 14 in Fighting
 24132 | Lair:6   | Reached ****** piety under Okawaru
 24132 | Lair:6   | Received a gift from Okawaru
 24251 | Lair:6   | Identified Wissyrcho's Handbook of Dusty Necromancy
 24270 | Lair:6   | Got a glittering steel ring
 24273 | Lair:6   | Identified the ring "Tag Idomp" {+Blink +Fly rElec} (You
                  | found it on level 6 of the Lair of Beasts)
 24707 | Lair:6   | Received a gift from Okawaru
 24780 | Lair:6   | Found a large runed translucent door.
 24781 | Lair:6   | Found a large runed translucent door.
 24873 | Lair:6   | Reached skill level 1 in Summonings
 25226 | Lair:6   | Reached XP level 15. HP: 127/127 MP: 16/22
 25247 | Lair:6   | Identified the +3 spear of Magnificence {drain, rF+ Dex+4}
                  | (You found it on level 6 of the Lair of Beasts)
 25413 | Lair:5   | Identified the +0 chain mail of the Commoners {+Blink +Inv
                  | rF+} (You acquired it on level 5 of the Lair of Beasts)
 25449 | Lair:5   | Reached skill level 15 in Fighting
 25784 | Lair:5   | Found a runed translucent door.
 26004 | Lair:5   | Received a gift from Okawaru
 26035 | Lair:5   | Identified the +3 spear "Fiydept" {venom, rPois Int+2
                  | Dex+2} (Okawaru gifted it to you on level 5 of the Lair of
                  | Beasts)
 26865 | D:12     | Found a staircase to the Orcish Mines.
 27797 | D:13     | Found a runed translucent door.
 27797 | D:13     | Found a shimmering altar of Xom.
 27797 | D:13     | Noticed Ycojonko's ghost (journeyman GnWn)
 28158 | D:13     | Killed Ycojonko's ghost
 28166 | D:13     | Got a glittering pewter ring
 28167 | D:13     | Identified the ring "Gusyupp" {rCorr Stlth+} (You found it
                  | on level 13 of the Dungeon)
 28363 | D:14     | Found a gate to the Vaults.
 28367 | D:14     | Received a gift from Okawaru
 28761 | D:14     | Noticed Agnes
 28769 | D:14     | Killed Agnes
 28769 | D:14     | Reached skill level 5 in Throwing
 29379 | D:15     | Entered Level 15 of the Dungeon
 29393 | D:15     | Reached XP level 16. HP: 133/136 MP: 20/23
 29527 | D:15     | Reached skill level 10 in Invocations
 29723 | D:15     | Noticed Azrael
 29734 | D:15     | Killed Azrael
 29824 | D:15     | Reached skill level 5 in Summonings
 30197 | D:15     | Found a staircase to the Depths.
 30773 | Orc:1    | Entered Level 1 of the Orcish Mines
 31073 | D:13     | Bought the +8 glaive of the Guard {elec, +Rage AC+5 SInv}
                  | for 2113 gold pieces
 31073 | D:13     | Found the +8 glaive of the Guard {elec, +Rage AC+5 SInv}
 31156 | Orc:2    | Entered Level 2 of the Orcish Mines
 31167 | Orc:2    | Noticed Rupert
 31289 | Spider:1 | Entered Level 1 of the Spider Nest
 31626 | Spider:1 | Received a gift from Okawaru
 31818 | Spider:1 | Reached skill level 16 in Fighting
 31896 | Spider:1 | Noticed Jorgrun
 32200 | Spider:1 | Killed Jorgrun
 33251 | Spider:2 | Identified Roxanne's Collected Works on Stones
 33251 | Spider:2 | Noticed Roxanne
 33475 | Spider:2 | Received a gift from Okawaru
 33745 | Spider:2 | Received a gift from Okawaru
 34139 | Spider:3 | Reached skill level 10 in Armour
 34264 | Spider:3 | Reached XP level 17. HP: 145/145 MP: 20/24
 35131 | Spider:3 | Received a gift from Okawaru
 35261 | Spider:4 | Entered Level 4 of the Spider Nest
 35473 | Spider:4 | Received a gift from Okawaru
 36512 | Spider:4 | Reached skill level 17 in Fighting
 36546 | Spider:3 | Gained mutation: You are frail. (-10% HP) [mutagenic glow]
 36589 | Spider:3 | Lost mutation: You are frail. (-10% HP) [potion of
                  | mutation]
 36589 | Spider:3 | Gained mutation: You have sharp fingernails. [potion of
                  | mutation]
 36589 | Spider:3 | Gained mutation: You expend magic power (3 MP) to
                  | strengthen your wands. [potion of mutation]
 36685 | Spider:4 | Identified the +3 scale mail of the Fiddle {*Drain MR+
                  | Dex+2} (Okawaru gifted it to you on level 4 of the Spider
                  | Nest)
 37668 | Spider:4 | Received a gift from Okawaru
 37683 | Spider:4 | Reached XP level 18. HP: 109/155 MP: 19/25
 37821 | Spider:4 | Got a gossamer rune of Zot
 37976 | Swamp:1  | Entered Level 1 of the Swamp
 38116 | Swamp:1  | Reached skill level 10 in Throwing
 39457 | Swamp:2  | Received a gift from Okawaru
 40601 | Swamp:4  | Entered Level 4 of the Swamp
 40652 | Swamp:3  | Received a gift from Okawaru
 40652 | Swamp:3  | Reached skill level 18 in Fighting
 41156 | Swamp:4  | Received a gift from Okawaru
 41863 | Swamp:4  | Reached XP level 19. HP: 159/163 MP: 26/26
 42395 | Swamp:4  | Got a decaying rune of Zot
 42806 | D:4      | Killed yrara's ghost
 43026 | Orc:1    | Learned a level 2 spell: Song of Slaying
 43186 | Orc:1    | Found Qeriph's Distillery.
 43225 | Orc:1    | Found Zadamn's Book Emporium.
 43238 | Orc:1    | Found a runed translucent door.
 43240 | Orc:1    | Found Metiotzu's Antique Weapon Emporium.
 43241 | Orc:1    | Noticed Fannar
 43249 | Orc:1    | Killed Fannar
 43299 | Orc:1    | Noticed Wonijais's ghost (journeyman HuAr)
 43344 | Orc:1    | Killed Wonijais's ghost
 43429 | Orc:2    | Found Wipto's Weapon Shoppe.
 43690 | Orc:2    | Killed Rupert
 43935 | Orc:2    | Found a staircase to the Elven Halls.
 44113 | Orc:2    | Found a roughly hewn altar of Beogh.
 44130 | Orc:2    | Found Jucou's Antique Weapon Shop.
 44229 | Orc:2    | Found a roughly hewn altar of Beogh.
 44229 | Orc:2    | Found Xeloilio's Antique Armour Emporium.
 44231 | Orc:2    | Found Lomamm's Antique Weapon Shoppe.
 44331 | Orc:2    | Found a roughly hewn altar of Beogh.
 44422 | Orc:2    | Found a roughly hewn altar of Beogh.
 44484 | Orc:2    | Found a roughly hewn altar of Beogh.
 44496 | Orc:2    | Found Lozahiza's Antique Armour Boutique.
 44791 | Vaults:1 | Entered Level 1 of the Vaults
 45118 | Vaults:1 | Received a gift from Okawaru
 45480 | Vaults:1 | Found a sacrificial altar of Ru.
 45501 | Vaults:1 | Received a gift from Okawaru
 45866 | Vaults:1 | Received a gift from Okawaru
 46691 | Vaults:1 | Received a gift from Okawaru
 46853 | Vaults:2 | Received a gift from Okawaru
 47264 | Vaults:2 | Found Pithreoly's Jewellery Shoppe.
 47287 | Vaults:2 | Bought an uncursed ring of protection from magic for 450
                  | gold pieces
 47289 | Vaults:2 | Bought a +5 ring of protection for 990 gold pieces
 47515 | Vaults:2 | Reached XP level 20. HP: 172/172 MP: 27/27
 47671 | Vaults:2 | Found Nacur's Gadget Shoppe.
 47676 | Vaults:2 | Received a gift from Okawaru
 47714 | Vaults:2 | Found Beugietz's Armour Boutique.
 47840 | Vaults:2 | Reached skill level 19 in Fighting
 47900 | Vaults:2 | Found Idenit's General Store.
 47906 | Vaults:2 | Found Moynich's Food Emporium.
 47998 | Vaults:2 | Received a gift from Okawaru
 48800 | Vaults:3 | Received a gift from Okawaru
 49016 | Vaults:3 | Received a gift from Okawaru
 49158 | Vaults:3 | Received a gift from Okawaru
 49505 | Vaults:3 | Reached XP level 21. HP: 175/181 MP: 25/28
 49549 | Vaults:3 | Found a hide-covered altar of Uskayaw.
 49740 | Vaults:3 | Found a staircase to the Crypt.
 50111 | Vaults:3 | Reached skill level 15 in Dodging
 50245 | Vaults:4 | Received a gift from Okawaru
 50702 | Vaults:4 | Received a gift from Okawaru
 50924 | Vaults:4 | Reached skill level 10 in Evocations
 50948 | Vaults:4 | Reached skill level 20 in Fighting
 51372 | Vaults:4 | Found Ihag's Jewellery Shop.
 51394 | Vaults:4 | Received a gift from Okawaru
 51857 | Elf:1    | Entered Level 1 of the Elven Halls
 51981 | Elf:1    | Received a gift from Okawaru
 52007 | Elf:1    | Noticed Aizul
 52024 | Elf:1    | Killed Aizul
 52035 | Elf:1    | Found a magical portal.
 52046 | WizLab   | Entered Zonguldrok's Shrine
 52476 | WizLab   | Noticed an antique lich
 52491 | WizLab   | Killed an antique lich
 52497 | WizLab   | Found the +9 sword of Zonguldrok {reap}
 52525 | WizLab   | Identified the Grimoire of Icy Creation
 53046 | Vaults:4 | Bought the ring "Ehaobor" {rCorr rF+ MR+ MP-9 Slay+3} for
                  | 599 gold pieces
 54139 | Elf:2    | Reached XP level 22. HP: 189/192 MP: 20/29
 54171 | Elf:2    | Identified the +2 leather armour of the Lizard {+Fly rElec
                  | MR- Dex+2}
 54184 | Elf:2    | Reached skill level 15 in Throwing
 54515 | Elf:2    | Found Hirgh's Gadget Emporium.
 54515 | Elf:2    | Found Unadente's Jewellery Shop.
 54516 | Elf:2    | Found Meulur's Gadget Emporium.
 54574 | Elf:2    | Found a huge runed translucent gate.
 54574 | Elf:2    | Found a huge runed translucent gate.
 54574 | Elf:2    | Found a huge runed translucent gate.
 54574 | Elf:2    | Found a huge runed translucent gate.
 54574 | Elf:2    | Found a huge runed translucent gate.
 54784 | Elf:2    | Found a large runed translucent door.
 54784 | Elf:2    | Found a large runed translucent door.
 54788 | Elf:2    | Noticed Qiq Oki's ghost (veteran GrFi)
 54927 | Elf:3    | Entered Level 3 of the Elven Halls
 55208 | Elf:3    | Found a radiant altar of Vehumet.
 55703 | Elf:3    | Received a gift from Okawaru
 56718 | Elf:3    | Identified the +1 robe "Hyeroim" {+Blink +Fly rPois Int-4}
 57625 | Elf:3    | Identified the +12 hand axe of Nareitom {flame, Str+4 Int-2
                  | SInv}
 57970 | Elf:3    | Identified the ring of Tomorrow {rElec MR+ Str-5 Dex+3
                  | SInv}
 57971 | Elf:3    | Identified the +1 battleaxe "Sarphac" {venom, SInv}
 57997 | Elf:3    | Received a gift from Okawaru
 58376 | Elf:3    | Identified Sif Muna's Collected Works on Excruciating
                  | Stones
 58379 | Elf:3    | Identified the cursed -5 cloak of the End {*Contam *Slow
                  | +Fly Str+8} (You found it on level 3 of the Elven Halls)
 58393 | Elf:3    | Identified the -3 cloak of Birdsong {Int+3} (You found it
                  | on level 3 of the Elven Halls)
 59043 | Depths:1 | Entered Level 1 of the Depths
 59152 | Depths:1 | Paralysed by a great orb of eyes for 7 turns
 59572 | Depths:1 | Reached skill level 21 in Fighting
 59629 | Depths:1 | Received a gift from Okawaru
 59629 | Depths:1 | Reached XP level 23. HP: 82/200 MP: 22/31
 60247 | Depths:1 | Found a gateway to Hell.
 60315 | Depths:1 | Found Isakedug's Antique Armour Shop.
 61135 | Depths:1 | Found a shattered altar of Ashenzari.
 61148 | Depths:1 | Received a gift from Okawaru
 61239 | Depths:1 | Identified the cursed +0 cloak of Valalef {-Tele MR+ Int+3}
                  | (You found it on level 1 of the Depths)
 62261 | Depths:2 | Found Gozag's Assorted Antiques.
 62265 | Depths:2 | Noticed a golden dragon
 62266 | Depths:2 | Found an opulent altar of Gozag.
 62268 | Depths:2 | Found Gozag's Assorted Antiques.
 62276 | Depths:2 | Found Gozag's Antique Weapon Emporium.
 62365 | Depths:2 | Killed a golden dragon
 62555 | Depths:2 | Found a gateway to a ziggurat.
 63093 | Depths:2 | Received a gift from Okawaru
 64059 | Depths:3 | Noticed Asterion
 64060 | Depths:3 | Found Tiagou Aptuo's Antique Armour Boutique.
 64429 | Depths:2 | Found Gozag's Antique Weapon Emporium.
 64464 | Depths:2 | Found Gozag's Assorted Antiques.
 64484 | Depths:2 | Found Gozag's Assorted Antiques.
 64545 | Depths:2 | Killed Asterion
 65207 | Depths:3 | Reached skill level 15 in Armour
 65503 | Depths:3 | Found a one-way gate leading to the halls of Pandemonium.
 65791 | Depths:3 | Received a gift from Okawaru
 65794 | Depths:3 | Got a brightly glowing helmet {god gift}
 65795 | Depths:3 | Identified the +1 helmet of Exclusion {rPois rC+ Int+6
                  | Slay-5} (Okawaru gifted it to you on level 3 of the Depths)
 66575 | Depths:4 | Reached XP level 24. HP: 191/209 MP: 22/31
 67094 | Depths:4 | Found a one-way gate to the infinite horrors of the Abyss.
 67307 | Depths:4 | Noticed a caustic shrike
 67315 | Depths:4 | Killed a caustic shrike
 67337 | Depths:4 | Identified the +5 broad axe of the Dark Horse {freeze,
                  | *Corrode +Rage rC++ SInv}
 67458 | Depths:4 | Noticed Xtahua
 67470 | Depths:4 | Killed Xtahua
 67490 | Depths:4 | Identified the cursed +1 chain mail of Dyspraxia {rC+ rN+
                  | rCorr Slay-2} (You found it on level 4 of the Depths)
 67885 | Depths:5 | Entered Level 5 of the Depths
 68068 | Depths:5 | Reached skill level 22 in Fighting
 68582 | Depths:5 | Received a gift from Okawaru
 69360 | Depths:5 | Found a gate to the Realm of Zot.
 70085 | Slime:1  | Entered Level 1 of the Pits of Slime
 71182 | Slime:2  | Received a gift from Okawaru
 71389 | Slime:3  | Gained mutation: Scrolls take you a little longer to read.
                  | [a shining eye]
 71589 | Slime:3  | Received a gift from Okawaru
 72947 | Slime:5  | Entered Level 5 of the Pits of Slime
 72962 | Slime:5  | Reached XP level 25. HP: 208/219 MP: 24/33
 73337 | Slime:5  | Gained mutation: You are weak. (Str -2) [a shining eye]
 73502 | Slime:5  | Gained mutation: Your body sometimes deteriorates upon
                  | taking damage. [a shining eye]
 73835 | Slime:5  | Received a gift from Okawaru
 74006 | Slime:5  | Noticed the Royal Jelly
 74031 | Slime:4  | Received a gift from Okawaru
 74857 | Slime:5  | Gained mutation: You are clumsy. (Dex -2) [a shining eye]
 74859 | Slime:5  | Gained mutation: You are dopey. (Int -2) [a shining eye]
 74861 | Slime:5  | Gained mutation: You are frail. (-10% HP) [a shining eye]
 75116 | Slime:5  | Found a viscous altar of Jiyva.
 75144 | Slime:5  | Killed the Royal Jelly
 75144 | Slime:5  | Received a gift from Okawaru
 75144 | Slime:5  | Reached skill level 23 in Fighting
 75198 | Slime:5  | Identified the +8 chain mail "Qidi" {rPois rC+ Int-3
                  | Stlth+} (You found it on level 5 of the Pits of Slime)
 75203 | Slime:5  | Found the +5 scythe "Finisher" {speed, eviscerate}
 75208 | Slime:5  | Got a slimy rune of Zot
 75227 | Slime:5  | Identified the ring "Holaent" {Ice rPois Int+4 Slay-5} (You
                  | found it on level 5 of the Pits of Slime)
 75248 | Slime:5  | Identified Lom Lobon's Incunabulum of Dislocation
 75308 | Slime:5  | Identified the +2 pair of gloves of the Stars {*Corrode rF+
                  | MP+9} (You found it on level 5 of the Pits of Slime)
 75383 | Slime:5  | Got a heavily runed chain mail
 75394 | Slime:5  | Identified the +0 chain mail of the Soldier {+Fly rF- rN++}
                  | (You found it on level 5 of the Pits of Slime)
 75899 | Depths:5 | Lost mutation: You are frail. (-10% HP) [potion of
                  | mutation]
 75899 | Depths:5 | Lost mutation: You are dopey. (Int -2) [potion of mutation]
 75899 | Depths:5 | Lost mutation: Scrolls take you a little longer to read.
                  | [potion of mutation]
 75899 | Depths:5 | Lost mutation: Your body sometimes deteriorates upon taking
                  | damage. [potion of mutation]
 75899 | Depths:5 | Lost mutation: You are clumsy. (Dex -2) [potion of
                  | mutation]
 76133 | Orc:1    | Bought a potion of might for 40 gold pieces
 76133 | Orc:1    | Bought a potion of might for 40 gold pieces
 76133 | Orc:1    | Bought a potion of lignification for 30 gold pieces
 76133 | Orc:1    | Bought a potion of haste for 100 gold pieces
 76133 | Orc:1    | Bought a potion of mutation for 80 gold pieces
 76133 | Orc:1    | Bought a potion of haste for 100 gold pieces
 76133 | Orc:1    | Bought a potion of heal wounds for 50 gold pieces
 76143 | Orc:1    | Bought a manual of Evocations for 1876 gold pieces
 76256 | Elf:2    | Bought a wand of scattershot (4) for 264 gold pieces
 76582 | Zot:1    | Entered Level 1 of the Realm of Zot
 78026 | Zot:1    | Got a shimmering helmet
 78037 | Zot:1    | Identified the +1 helmet "Puatoc" {Int+4 Dex+3} (You found
                  | it on level 1 of the Realm of Zot)
 78472 | Zot:1    | Found a transporter.
 78679 | Zot:1    | Reached skill level 15 in Evocations
 79083 | Zot:1    | Found a transporter.
 79823 | Zot:2    | Received a gift from Okawaru
 81156 | Vaults:5 | Entered Level 5 of the Vaults
 81172 | Vaults:4 | Reached XP level 26. HP: 194/229 MP: 25/34
 81554 | Vaults:4 | Received a gift from Okawaru
 83043 | Vaults:5 | Got a silver rune of Zot
 83414 | Vaults:5 | Identified the +8 short sword of Defiance {speed, MR+ Str+2
                  | Int+3}
 83902 | Vaults:5 | Identified the +5 glaive of Fundamental Breach {freeze,
                  | rC+}
 83968 | Vaults:5 | Received a gift from Okawaru
 84408 | Vaults:5 | Found Inorun's Jewellery Shop.
 84414 | Vaults:5 | Identified Sif Muna's Handbook of Shifting Evil Arts
 84853 | Vaults:5 | Reached skill level 24 in Fighting
 85737 | Vaults:5 | Found Goilegex's Distillery.
 85745 | Vaults:5 | Bought a potion of heal wounds for 80 gold pieces
 85795 | Vaults:5 | Reached XP level 27. HP: 238/238 MP: 26/35
 86670 | Vaults:5 | Bought the ring "Posye" {rElec rC+ Str+3 Int+7 Dex-4} for
                  | 731 gold pieces
 87035 | Zot:5    | Entered Level 5 of the Realm of Zot
 87106 | Zot:5    | Received a gift from Okawaru
 88243 | Zot:5    | Received a gift from Okawaru
 88437 | Zot:5    | Identified a +2 pair of boots of running (Okawaru gifted it
                  | to you on level 5 of the Realm of Zot)
 90506 | Zot:5    | Noticed an ancient lich
 90514 | Zot:5    | Killed an ancient lich
 92043 | Zot:5    | Noticed an ancient lich
 92055 | Zot:5    | Killed an ancient lich
 92067 | Zot:5    | Noticed an ancient lich
 92111 | Zot:5    | Killed an ancient lich
 92585 | Zot:5    | Noticed an orb of fire
 92586 | Zot:5    | Gained mutation: Your spells are a little easier to cast,
                  | but a little less powerful. [an orb of fire]
 92599 | Zot:5    | Killed an orb of fire
 92609 | Zot:5    | Noticed an ancient lich
 92626 | Zot:5    | Killed an ancient lich
 92891 | Zot:5    | Noticed an orb of fire
 92891 | Zot:5    | Gained mutation: You are occasionally teleported next to
                  | monsters. [an orb of fire]
 92892 | Zot:5    | Gained mutation: Your body sometimes deteriorates upon
                  | taking damage. [an orb of fire]
 92894 | Zot:5    | Gained mutation: You are frail. (-10% HP) [an orb of fire]
 92912 | Zot:5    | Killed an orb of fire
 92912 | Zot:5    | Received a gift from Okawaru
 92912 | Zot:5    | Reached skill level 25 in Fighting
 92978 | Zot:5    | Received a gift from Okawaru
 93023 | Zot:5    | Noticed an ancient lich
 93030 | Zot:5    | Killed an ancient lich
 93030 | Zot:5    | Received a gift from Okawaru
 93412 | Zot:5    | Noticed an ancient lich
 93412 | Zot:5    | Noticed an orb of fire
 93412 | Zot:5    | Noticed an orb of fire
 93412 | Zot:5    | Noticed an ancient lich
 93414 | Zot:5    | Lost mutation: Your body sometimes deteriorates upon taking
                  | damage. [potion of mutation]
 93414 | Zot:5    | Lost mutation: You are frail. (-10% HP) [potion of
                  | mutation]
 93414 | Zot:5    | Lost mutation: You are occasionally teleported next to
                  | monsters. [potion of mutation]
 93414 | Zot:5    | Lost mutation: You expend magic power (3 MP) to strengthen
                  | your wands. [potion of mutation]
 93414 | Zot:5    | Gained mutation: You are partially covered in rugged brown
                  | scales. (AC +1, +3% HP) [potion of mutation]
 93414 | Zot:5    | Gained mutation: You are partially covered in thin metallic
                  | scales. (AC +2) [potion of mutation]
 93414 | Zot:5    | Gained mutation: You are partially covered in icy blue
                  | scales. (AC +2) [potion of mutation]
 93638 | Zot:5    | Killed an orb of fire
 93665 | Zot:5    | Got the Orb of Zot
 93670 | Zot:5    | Gained mutation: You possess an exceptional clarity of
                  | mind. [an orb of fire]
 93681 | Zot:5    | Noticed an ancient lich
 93681 | Zot:5    | Noticed an ancient lich
 93691 | Zot:5    | Killed an ancient lich
 93702 | Zot:5    | Killed an ancient lich
 93711 | Zot:5    | Killed an ancient lich
 93780 | Zot:4    | Received a gift from Okawaru
 93842 | Zot:2    | Noticed Jezi the pandemonium lord
 93881 | Depths:5 | Noticed Sek Jion the pandemonium lord
 93889 | Depths:5 | Gained mutation: You are frail. (-10% HP) [a neqoxec]
 93897 | Depths:5 | Killed Sek Jion the pandemonium lord
 93922 | Depths:5 | Noticed Pougy the pandemonium lord
 94046 | D:14     | Noticed Wopufrui the pandemonium lord
 94122 | D:12     | Noticed Gihu the pandemonium lord
 94136 | D:12     | Killed Gihu the pandemonium lord
 94389 | D:$      | Escaped with the Orb!

Levels and vault maps discovered:
D:1:      dpeg_arrival_ternary, layout_basic, kennysheep_nondescript
D:2:      layout_loops_cross, gammafunk_temple_overflow_claw,
          kennysheep_another_room
D:3:      layout_rooms, lemuel_coloured_pillars_altar, st_stairs_13,
          eino_tiny_chamber, uniq_crazy_yiuf_cottage
D:4:      layout_basic, lemuel_doored_altar, minmay_temple_entry_sparse_star,
          biasface_ghost_orc_armoury, serial_shops, shop, shop, shop
D:5:      layout_cave_pods, first_ration, portal_sewer_entry_e
D:6:      old_forge, layout_cave_pools
D:7:      layout_cave_pools, st_stairs_5, minmay_joined_circles
D:8:      layout_loops_ring
D:9:      layout_rooms, tso_oasis_becter, onia_ninara_cookie
D:10:     layout_long_grid
D:11:     layout_basic, grunt_lair_entry_orc_guard_hut,
          hangedman_little_slice_of_home
D:12:     layout_grid_maze, erik_orc_4
D:13:     layout_loops_ring, serial_shops,
          nicolae_shop_temple_entry_statues_fountains, shop, shop,
          ebering_ghost_xom, gauntlet_entry_generic, kennysheep_windowed_goal
D:14:     layout_cave_pools, lightli_vaults_fourway_checkpoint,
          hangedman_decor_clover_reticule, bh_walls_and_bars, uniq_agnes
D:15:     gammafunk_depths_entry_grave, layout_rooms, minmay_hedge_maze,
          roderic_batcave, uniq_azrael
Temple:   regret_index_temple_sphere_string
Lair:1:   layout_regular_city, portal_ice_cave_entry_pillars_1
Lair:2:   layout_concentric_octagons, spider_nest_entry_webs
Lair:3:   layout_regular_city, nicolae_swamp_entry_splash_gauntlet,
          pf_torpor_hydra, grunt_megastairs_2, uniq_urug
Lair:4:   layout_regular_city, serial_bayou_pond_a, uniq_josephine
Lair:5:   gammafunk_lair_enchanted_lake, layout_regular_city
Lair:6:   cheibrodos_lair_end_hotspot, layout_gridlike, slime_altar_1,
          minmay_lair_oklob_chamber
Swamp:1:  layout_falls_marsh, evilmike_swamp_ruin_house_1
Swamp:2:  layout_basic_swamp, evilmike_swamp_ruin_rubble_2, swamp_pool2
Swamp:3:  layout_basic_swamp, evilmike_swamp_ruin_rubble_1,
          infiniplex_staircase_pool
Swamp:4:  swamp_vile, layout_basic_swamp
Spider:1: layout_chambers, uniq_jorgrun
Spider:2: layout_spider_delve, spiders_nest_hornet_nest, uniq_roxanne
Spider:3: layout_spider_delve
Spider:4: spider_rune_water
Slime:1:  layout_caves
Slime:2:  cheibrodos_slime_lost_civilization_8, layout_caves
Slime:3:  layout_caves
Slime:4:  layout_caves, basic_altar
Slime:5
Orc:1:    layout_caves, ebering_ghost_reflecting_pool, serial_shops, shop,
          nicolae_shop_behind_doors, shop_statue, uniq_fannar
Orc:2:    grunt_orc_community_town_hall, layout_caves,
          grunt_orc_community_big_house_2, grunt_orc_community_big_house_2,
          grunt_orc_community_house_2, grunt_orc_community_house_1,
          grunt_orc_community_house_1, grunt_orc_community_house_3,
          grunt_orc_community_house_1, serial_shops, shop, uniq_rupert
Elf:1:    layout_loops_cross, mu_enter_wizlab_5, hangedman_elf_represent,
          uniq_aizul
Elf:2:    layout_geoelf_diagonals, ebering_ghost_disaster_area,
          minmay_shop_grove
Elf:3:    minmay_elf_hall_curves, layout_geoelf_diagonals, basic_altar
Vaults:1: vaults_standard_mumra_x, vaults_room_ringed_pool, v_misc_2,
          grunt_vaults_funnel, nicolae_vaults_little_squares_5,
          grunt_vaults_diagonal, vaults_room_fancy_cross,
          layout_vaults_quadrants, basic_altar
Vaults:2: v_alt_pattern_4, v_misc_1, vaults_room_boxed, ontoclasm_vaults_spin,
          nicolae_vaults_what_the_h, vaults_room_large_hall,
          hangedman_vaults_impose, vaults_room_grid, ontoclasm_vaults_bender,
          v_alt_pattern_1, v_pattern_5, vaults_mumra_minichess,
          layout_vaults_omnibox, serial_shops, shop, shop_coins, shop,
          nicolae_shop_window_shopping, nicolae_shop_waterfront
Vaults:3: grunt_vaults_focal, nicolae_vaults_little_ls,
          dpeg_vaults_pockets_of_resistance, minmay_crypt_entry_skeletal_spiral,
          vaults_room_semicircle, v_misc_30, ontoclasm_vaults_decontamination,
          vaults_room_door_hall, v_misc_19, ontoclasm_vaults_twist,
          vaults_room_pools, ontoclasm_vaults_gateway, layout_vaults_omnicross,
          basic_altar
Vaults:4: vaults_room_grid, vaults_dpeg_hooks, v_alt_pattern_3, v_rooms_5,
          vaults_room_pools, grunt_vaults_hallway_short,
          vaults_room_guarded_vault, v_rooms_1,
          vaults_room_grunt_arrival_checkpoint, grunt_vaults_hallway_long,
          hangedman_vaults_corner_blocks, grunt_vaults_twisty,
          nicolae_vaults_three_branches, vaults_room_fours, vaults_room_hallway,
          layout_vaults_ring, serial_shops, nicolae_shop_waterfront
Vaults:5: serial_shops
Depths:1: minmay_the_grid_3x2 [minmay_the_grid_garden, minmay_the_grid_artifice,
          minmay_the_grid_pillar_ring, minmay_the_grid_paths,
          minmay_the_grid_embedded, minmay_the_grid_prize_big_room],
          layout_honeycomb, serial_shops, kennysheep_mini, ashenzari_altar_1,
          hell_entry
Depths:2: kennysheep_gozag_temple, layout_basic, enter_ziggurat_b,
          hangedman_coc_ice_floe, minmay_crystal_room
Depths:3: hangedman_arrow_trap, layout_cave_shapes, small_statue_intersection,
          serial_shops, shop_statue, hell_entry, pan_entry,
          kennysheep_opposing_triangles, infiniplex_staircase_trident,
          uniq_asterion
Depths:4: minmay_expanding_circles, layout_cave_pools, serial_bayou_pond_e,
          abyss_entry, grunt_hell_horde, kennysheep_crisscross, uniq_xtahua
Depths:5: evilmike_zot_entry_argh, layout_gridville,
          hangedman_abyss_or_decor_clamps, pf_hell_entry_tar_river
Zot:1:    gammafunk_its_a_trap, layout_gridville
Zot:2:    layout_cathedral_of_symmetry, gammafunk_ghost_arena
Zot:3:    layout_cathedral_of_symmetry, grunt_megastairs_3
Zot:4:    circus_mu, layout_basic
Zot:5:    layout_basic
Sewer:    sewer_co_15_rooms
IceCv:    ice_cave_tombish
WizLab:   wizlab_zonguldrok
Gauntlet: minmay_gauntlet_77_tree [minmay_gauntlet_arena_77_two_paths,
          minmay_gauntlet_arena_77_hold_the_fort,
          minmay_gauntlet_arena_77_cramped,
          minmay_gauntlet_arena_77_double_cross,
          minmay_gauntlet_arena_77_tiled_triplets,
          minmay_gauntlet_arena_77_braids, minmay_gauntlet_arena_77_fan,
          nicolae_gauntlet_exit_dead_adventurers]

Skill      XL: |  1  2  3  4  5  6  7  8  9 10 11 12 13 14 15 16 17 18 19 20 21 22 23 24 25 26 27 |
---------------+----------------------------------------------------------------------------------+-----
Polearms       | 4 5 6 7 9 10 12 14 15 16 17 18 19 20 21 22 | 22.0
Fighting       | 3 4 5 7 9 10 11 13 14 15 16 17 18 19 20 21 22 23 24 25 | 25.6
Invocations    | 2 5 7 8 9 10 | 10.0
Armour         | 3 4 6 7 8 9 10 11 12 13 14 15 17 | 17.4
Dodging        | 6 8 10 11 13 14 15 16 17 19 20 21 22 | 22.0
Hexes          | 3 6 |  6.7
Charms         | 5 6 |  6.6
Throwing       | 1 2 5 7 9 11 12 13 14 16 | 16.0
Evocations     | 1 4 5 6 8 10 11 13 15 17 20 | 20.0
Spellcasting   | 4 5 |  5.5
Summonings     | 1 4 5 |  5.0

Action                   |  1- 3 |  4- 6 |  7- 9 | 10-12 | 13-15 | 16-18 | 19-21 | 22-24 | 25-27 || total
-------------------------+-------+-------+-------+-------+-------+-------+-------+-------+-------++-------
Melee: Spear             |   143 |   145 |       |       |       |       |       |       |       ||   288
       Trident           |       |   114 |   508 |   991 |   111 |       |       |       |       ||  1724
       Tailslap          |       |       |     9 |       |     1 |    18 |     2 |       |       ||    30
       Punch             |       |       |     1 |     6 |       |       |       |       |       ||     7
       Halberd           |       |       |       |       |   981 |   238 |    29 |       |       ||  1248
       Glaive            |       |       |       |       |       |  1224 |  1652 |  1864 |  1642 ||  6382
       Scythe            |       |       |       |       |       |       |       |       |    76 ||    76
Throw: Stone             |     4 |     3 |     3 |       |       |       |       |       |       ||    10
       Tomahawk          |       |       |     4 |    11 |       |    66 |     3 |       |       ||    84
       Javelin           |       |       |       |    13 |       |       |       |    92 |   128 ||   233
       Throwing net      |       |       |       |     1 |       |       |       |       |     2 ||     3
 Cast: Infusion          |    10 |    11 |     5 |     2 |       |       |       |       |       ||    28
       Spectral Weapon   |       |     8 |    11 |    46 |    70 |    59 |    42 |       |     1 ||   237
       Regeneration      |       |       |     2 |     7 |     3 |    14 |       |       |       ||    26
Invok: Heroism           |       |       |     3 |    17 |    14 |    14 |    10 |    14 |    26 ||    98
       Finesse           |       |       |       |     2 |     2 |     6 |     4 |     6 |    13 ||    33
 Abil: Evoke Invisibilit |       |       |       |       |     3 |    13 |     8 |     5 |     3 ||    32
       Evoke Berserk Rag |       |       |       |       |       |     2 |       |       |     3 ||     5
       Evoke Blink       |       |       |       |       |       |     1 |       |       |       ||     1
Evoke: Lamp of fire      |       |       |       |     1 |     2 |       |       |     2 |       ||     5
       Wand              |       |       |       |     5 |     5 |    12 |     9 |    10 |    24 ||    65
       Phial of floods   |       |       |       |       |       |       |       |     1 |       ||     1
       Box of beasts     |       |       |       |       |       |       |       |       |     2 ||     2
  Use: Scroll            |     3 |    10 |     6 |    12 |    12 |    17 |     7 |    20 |    25 ||   112
       Potion            |       |       |     2 |    12 |       |     7 |     1 |     5 |    17 ||    44
 Stab: Sleeping          |     3 |     1 |     1 |     1 |     3 |     8 |     4 |       |       ||    21
       Distracted        |       |       |     1 |     3 |    13 |     5 |     9 |     2 |     4 ||    37
       Held in net/web   |       |       |     1 |       |       |     1 |       |       |     3 ||     5
       Invisible         |       |       |       |       |     2 |    28 |    24 |    22 |     3 ||    79
       Paralysed         |       |       |       |       |       |     2 |       |       |     3 ||     5
  Eat: Chunk             |     4 |    11 |    16 |    32 |    31 |    30 |    37 |    35 |     7 ||   203
       Ration            |       |       |     1 |     2 |     4 |     7 |     3 |     9 |    19 ||    45
Armor: Leather armour    |    36 |    45 |   105 |   119 |     8 |     1 |    71 |       |       ||   385
       Skin              |       |       |       |   167 |       |       |       |       |       ||   167
       Plate armour      |       |       |       |    39 |       |       |    33 |   862 |   106 ||  1040
       Swamp dragon scal |       |       |       |    53 |   215 |   771 |   267 |       |       ||  1306
       Scale mail        |       |       |       |       |     3 |       |       |       |       ||     3
       Chain mail        |       |       |       |       |       |       |       |       |   210 ||   210
       Gold dragon scale |       |       |       |       |       |       |       |       |   693 ||   693
Dodge: Dodged            |    61 |   116 |   195 |   405 |   599 |  1419 |   764 |   822 |   842 ||  5223
       Deflected         |       |       |       |       |       |       |       |       |     6 ||     6
Block: Other             |       |       |       |       |       |       |       |   169 |   195 ||   364
       Reflection        |       |       |       |       |       |       |       |    16 |     1 ||    17

Table legend:
 A = Non-vault XP
 B = Vault XP
 C = Vault XP percentage of total XP
 D = Non-vault monster count
 E = Vault monster count
 F = Vault count percentage of total count
                 A         B        C        D         E       F
            +---------+---------+-------+---------+---------+-------
      Total |  821953 |  687118 |  45.5 |    1735 |     806 |  31.7
            +---------+---------+-------+---------+---------+-------
        D:1 |      23 |       0 |   0.0 |      15 |       0 |   0.0
        D:2 |      32 |       0 |   0.0 |      17 |       0 |   0.0
        D:3 |     245 |      41 |  14.3 |      47 |       2 |   4.1
        D:4 |     594 |     474 |  44.4 |      17 |       8 |  32.0
        D:5 |     720 |      36 |   4.8 |      23 |       8 |  25.8
        D:6 |     583 |     469 |  44.6 |      13 |      17 |  56.7
        D:7 |     543 |     984 |  64.4 |      14 |      15 |  51.7
        D:8 |    1930 |     319 |  14.2 |      32 |       2 |   5.9
        D:9 |    3781 |    1023 |  21.3 |      27 |      15 |  35.7
       D:10 |    1180 |       0 |   0.0 |      16 |       0 |   0.0
       D:11 |    4253 |    1022 |  19.4 |      22 |      15 |  40.5
       D:12 |    3035 |     501 |  14.2 |      22 |      16 |  42.1
       D:13 |    9096 |    3901 |  30.0 |      34 |       6 |  15.0
       D:14 |    8334 |    8073 |  49.2 |      47 |      11 |  19.0
       D:15 |    9366 |    6359 |  40.4 |      30 |      24 |  44.4
     Lair:1 |    4547 |       0 |   0.0 |      17 |       0 |   0.0
     Lair:2 |    8418 |     660 |   7.3 |      33 |       3 |   8.3
     Lair:3 |    5282 |    4238 |  44.5 |      24 |      12 |  33.3
     Lair:4 |   11576 |    2101 |  15.4 |      33 |       6 |  15.4
     Lair:5 |    9627 |    4104 |  29.9 |      37 |       9 |  19.6
     Lair:6 |   16057 |   11617 |  42.0 |      51 |      34 |  40.0
    Swamp:1 |    9510 |       0 |   0.0 |      26 |       0 |   0.0
    Swamp:2 |   15762 |       0 |   0.0 |      42 |       0 |   0.0
    Swamp:3 |   17468 |     794 |   4.3 |      44 |       2 |   4.3
    Swamp:4 |   20398 |   15391 |  43.0 |      41 |      25 |  37.9
   Spider:1 |   13312 |    3132 |  19.0 |      44 |       1 |   2.2
   Spider:2 |   13230 |    2494 |  15.9 |      48 |       9 |  15.8
   Spider:3 |   20082 |     586 |   2.8 |      55 |       1 |   1.8
   Spider:4 |   25487 |   24450 |  49.0 |      56 |      46 |  45.1
    Slime:1 |    2253 |       0 |   0.0 |       6 |       0 |   0.0
    Slime:2 |    7095 |       0 |   0.0 |      13 |       0 |   0.0
    Slime:3 |   28122 |       0 |   0.0 |      38 |       0 |   0.0
    Slime:4 |   13721 |    3700 |  21.2 |      25 |       3 |  10.7
    Slime:5 |   19275 |   29860 |  60.8 |      20 |      10 |  33.3
      Orc:1 |    1600 |    2663 |  62.5 |      29 |       2 |   6.5
      Orc:2 |    1667 |    8376 |  83.4 |      27 |      68 |  71.6
      Elf:1 |   20363 |    8149 |  28.6 |      41 |       9 |  18.0
      Elf:2 |   12251 |     913 |   6.9 |      19 |       1 |   5.0
      Elf:3 |   29954 |   42601 |  58.7 |      54 |      30 |  35.7
   Vaults:1 |   28843 |    4880 |  14.5 |      61 |       8 |  11.6
   Vaults:2 |   31923 |   25060 |  44.0 |      45 |      42 |  48.3
   Vaults:3 |   32554 |   46259 |  58.7 |      61 |      58 |  48.7
   Vaults:4 |   10242 |   56097 |  84.6 |      11 |      58 |  84.1
   Vaults:5 |   33623 |   99697 |  74.8 |      47 |      62 |  56.9
   Depths:1 |   40161 |   29607 |  42.4 |      51 |      25 |  32.9
   Depths:2 |   46421 |   14064 |  23.3 |      62 |      12 |  16.2
   Depths:3 |   19131 |    2758 |  12.6 |      21 |       2 |   8.7
   Depths:4 |   26445 |   13502 |  33.8 |      35 |      15 |  30.0
   Depths:5 |   49155 |   11233 |  18.6 |      45 |      12 |  21.1
      Zot:1 |   23878 |       0 |   0.0 |      18 |       0 |   0.0
      Zot:2 |    8562 |    2133 |  19.9 |       2 |       1 |  33.3
      Zot:3 |   11669 |   13359 |  53.4 |       7 |       9 |  56.2
      Zot:4 |   14433 |       0 |   0.0 |       7 |       0 |   0.0
      Zot:5 |   63816 |  166602 |  72.3 |      34 |      38 |  52.8
      Sewer |       0 |     212 | 100.0 |       0 |      22 | 100.0
      IceCv |       0 |    3443 | 100.0 |       0 |      18 | 100.0
     WizLab |   10325 |    5252 |  33.7 |      29 |       5 |  14.7
   Gauntlet |       0 |    3929 | 100.0 |       0 |       9 | 100.0
            +---------+---------+-------+---------+---------+-------
